 Dungeon Crawl Stone Soup version 0.29-a0-997-gf6f7e2dfe7 (webtiles) character file.

Game seed: 5839501375726967976

5109 nickcage the Destroyer (level 10, -3/69 HPs)
             Began as a Purple Draconian Conjurer on Aug 4, 2022.
             Was a Follower of Sif Muna.
             Slain by a troll (12 damage)
             ... on level 8 of the Dungeon.
             The game lasted 00:54:28 (9663 turns).

nickcage the Destroyer (Purple Draconian Conjurer)  Turns: 9663, Time: 00:54:29

Health: -3/69      AC:  8    Str: 16    XL:     10   Next: 32%
Magic:  1/20       EV: 12    Int: 22    God:    Sif Muna [*.....]
Gold:   518        SH:  0    Dex: 16    Spells: 6/22 levels left

rFire   . . .      SeeInvis .   s - +4 mace of True Grit {spect, rElec rPois}
rCold   . . .      Faith    .   (no shield)
rNeg    . . .      Spirit   .   (body armour unavailable)
rPois   +          Reflect  .   (helmet restricted)
rElec   +          Harm     .   (no cloak)
rCorr   .          Rampage  .   D - +0 pair of gloves
Will    +....                   (no boots)
Stlth   ++........              (no amulet)
HPRegen 0.21/turn               m - +6 ring of dexterity
MPRegen 0.17/turn               u - +6 ring of strength

@: short of breath
A: breathe power, AC +7, unfitting armour, cold-blooded
a: Breathe Dispelling Energy, Renounce Religion, Channel Magic


You were on level 8 of the Dungeon.
You worshipped Sif Muna.
Sif Muna was aware of your devotion.
You visited 2 branches of the dungeon, and saw 9 of its levels.

You collected 518 gold pieces.

Inventory:

Hand Weapons
 d - a +0 trident
 h - a +1 short sword of speed
 j - the +8 mace "Votoups" {antimagic, rF+ rC+ Dex+4}
   (You found it on level 2 of the Dungeon)

   It reduces the magical energy of the wielder, and disrupts the spells and
   magical abilities of those it strikes.
   Natural abilities and divine invocations are not affected.
   Dex:       It affects your dexterity (+4).
   rF:        It protects you from fire.
   rC:        It protects you from cold.
 s - the +4 mace of True Grit (weapon) {spect, rElec rPois}
   (You found it on level 3 of the Dungeon)

   When its wielder attacks, the weapon's spirit leaps out and strikes again.
   The spirit shares a part of any damage it takes with its wielder.
   rElec:     It insulates you from electricity.
   rPois:     It protects you from poison.
 y - a +3 rapier of venom
 z - the +7 short sword of the Final Decision {drain, rC+ Dex-5 Stlth+}
   (You found it on level 6 of the Dungeon)

   A truly terrible weapon, it drains the life of any living foe it strikes.
   Dex:       It affects your dexterity (-5).
   rC:        It protects you from cold.
   Stlth:     It makes you more stealthy.
Missiles
 c - 8 poisoned darts
 e - a throwing net
Armour
 D - a +0 pair of gloves (worn)
Magical Staves
 B - a staff of cold
Jewellery
 m - a +6 ring of dexterity (left hand)
 t - a ring of fire
 u - a +6 ring of strength (right hand)
 v - a ring of see invisible
 C - a +6 ring of dexterity
 E - a ring of resist corrosion
 G - a ring of fire
Wands
 o - a wand of roots (14)
 q - a wand of flame (18)
 r - a wand of charming (7)
Scrolls
 b - a scroll of identify
 i - a scroll of fog
 p - 2 scrolls of fear
 w - a scroll of brand weapon
 x - 2 scrolls of magic mapping
 A - 4 scrolls of enchant weapon
 F - a scroll of summoning
Potions
 a - 2 potions of magic
 f - a potion of curing
 g - 2 potions of ambrosia
 k - 2 potions of berserk rage
 l - a potion of cancellation
 n - a potion of haste
 H - a potion of resistance {unknown}


   Skills:
 - Level 1.7 Dodging
 - Level 1.7 Stealth
 * Level 6.7 Spellcasting
 * Level 13.5 Conjurations
 - Level 5.0 Hexes
 - Level 2.0 Translocations
 - Level 2.0 Invocations


You had 6 spell levels left.
You knew the following spells:

 Your Spells              Type           Power      Damage    Failure   Level
a - Magic Dart            Conj           100%       1d8       1%          1
b - Searing Ray           Conj           100%       2d8       1%          2
c - Fulminant Prism       Conj/Hex       24%        3d13      1%          4
d - Iskenderun's Mystic   Conj/Tloc      41%        2d9       3%          4
e - Iskenderun's Battles  Conj           61%        2d11      1%          5

Your spell library contained the following spells:

 Spells                   Type           Power      Damage    Failure   Level
 Conjure Flame            Conj/Fire      37%        6-21      1%          3
 Dazzling Flash           Conj/Hex       96%        N/A       1%          3
 Confusing Touch          Hex            29%        N/A       3%          3
 Tukima's Dance           Hex            29%        N/A       3%          3
 Ensorcelled Hibernation  Hex/Ice        36%        N/A       4%          2
 Sticky Flame             Conj/Fire      37%        2d6       5%          4
 Portal Projectile        Hex/Tloc       44%        N/A       6%          3
 Summon Small Mammal      Summ           28%        N/A       9%          1
 Summon Guardian Golem    Hex/Summ       18%        N/A       9%          3
 Passwall                 Tmut/Erth      5%         N/A       13%         2
 Sublimation of Blood     Necr           7%         N/A       13%         2
 Irradiate                Conj/Tmut      18%        3d17      14%         5
 Call Canine Familiar     Summ           7%         N/A       26%         3
 Ignite Poison            Fire/Tmut/Pois 7%         N/A       26%         3
 Swiftness                Air            7%         N/A       26%         3
 Petrify                  Tmut/Erth      7%         N/A       63%         4
 Yara's Violent Unravell  Hex/Tmut       9%         3d6       63%         5
 Iron Shot                Conj/Erth      18%        9d4       63%         6
 Blade Hands              Tmut           3%         N/A       93%         5
 Orb of Destruction       Conj           30%        9d10      28%         7
 Spellforged Servitor     Conj/Summ      18%        N/A       99%         7
 Enfeeble                 Hex            14%        N/A       100%        7


Dungeon Overview and Level Annotations

Branches:
Dungeon (8/15)             Temple (1/1) D:5
   Lair: D:8-11

Altars:
Ashenzari
Cheibriados
Elyvilon
Gozag
Kikubaaqudgha
Okawaru
Qazlal
Sif Muna
Trog
Vehumet
Wu Jian
Zin
The Shining One


Innate Abilities, Weirdness & Mutations

You can breathe bolts of dispelling energy.
Your rich purple scales are hard. (AC +7)
You cannot fit into any form of body armour.
You are cold-blooded and may be slowed by cold attacks.


Message History

The searing ray hits the orc!
You kill the orc!
Sif Muna accepts your kill. (Press . to maintain the ray.)
The searing ray hits the two-headed ogre.
The two-headed ogre is moderately wounded.
The two-headed ogre barely misses you. The two-headed ogre misses you.
The searing ray hits the two-headed ogre!
The two-headed ogre is heavily wounded.
The searing ray hits the orc wizard.
The orc wizard is heavily wounded.
The searing ray hits the two-headed ogre!
The two-headed ogre is severely wounded.
The searing ray hits the orc wizard!
You kill the orc wizard!
Sif Muna accepts your kill.
The searing ray hits the troll!
The troll is moderately wounded.
You finish channelling your searing ray.
The two-headed ogre barely misses you.
The two-headed ogre hits you with a +0 great mace!
The searing ray hits the two-headed ogre!
The two-headed ogre is almost dead.
The searing ray hits the troll.
The troll is moderately wounded. (Press . to maintain the ray.)
The two-headed ogre hits you with a +0 giant club!!
The two-headed ogre hits you with a +0 great mace!
* * * LOW HITPOINT WARNING * * *
The searing ray hits the two-headed ogre.
You kill the two-headed ogre!
Sif Muna accepts your kill.
The searing ray hits the troll.
The troll is heavily wounded.
The searing ray hits the troll!
The troll is severely wounded.
The troll bites you!
* * * LOW HITPOINT WARNING * * *
The troll claws you!
You die...

#.#
#.#
#.#
#.#
#)#
#)#
#.#
#T#
#@#
#.#
#.#
#.#
#.#
#.#
#.#
#.#
#.#


You could see a troll.

Vanquished Creatures
  A two-headed ogre (D:8)
  Grinder (D:4)
  A troll (D:6)
  Sigmund (D:4)
  A wyvern (D:7)
  Eustachio (D:4)
  Menkaure (D:7)
  2 water moccasins
  3 ice beasts
  2 orc warriors
  2 black bears (D:5)
  3 ogres
  2 wolves (D:8)
  2 centaurs (D:7)
  A phantom (D:5)
  4 bullfrogs
  A necrophage (D:6)
  A gnoll sergeant (D:6)
  4 scorpions
  9 wights
  An electric eel (D:8)
  9 hounds
  An orc priest (D:8)
  A gnoll bouda (D:4)
  2 jellies
  Ijyb (D:4)
  2 iguanas (D:6)
  2 orc wizards
  Terence (D:3)
  10 adders
  20 gnolls
  A white imp (D:7)
  An ufetubus (D:4)
  3 worms
  17 orcs
  7 ball pythons
  4 endoplasms
  5 giant cockroaches
  4 goblins
  7 hobgoblins
  2 jackals (D:1)
  3 quokkas
  5 bats
  3 frilled lizards
  10 kobolds
  5 rats
170 creatures vanquished.

Vanquished Creatures (collateral kills)
  An ufetubus (D:5)
1 creature vanquished.

Vanquished Creatures (others)
  A human (D:6)
  10 fulminant prisms
11 creatures vanquished.

Grand Total: 182 creatures vanquished

Notes
Turn   | Place    | Note
-------+----------+-------------------------------------------
     0 | D:1      | nickcage the Draconian Conjurer began the quest for the
                  | Orb.
     0 | D:1      | Reached XP level 1. HP: 14/14 MP: 3/3
   286 | D:1      | Found a faded altar of an unknown god.
   447 | D:1      | Reached XP level 2. HP: 20/20 MP: 0/5
   455 | D:1      | Learned a level 2 spell: Searing Ray
  1094 | D:2      | Identified the +8 mace "Votoups" {antimagic, rF+ rC+ Dex+4}
  1106 | D:2      | Reached XP level 3. HP: 26/26 MP: 0/6
  1186 | D:2      | Reached skill level 5 in Conjurations
  2217 | D:3      | Noticed Terence
  2483 | D:3      | Reached XP level 4. HP: 33/33 MP: 3/7
  2578 | D:3      | Killed Terence
  2824 | D:3      | Learned a level 4 spell: Fulminant Prism
  2889 | D:3      | Identified the +1 leather armour "Moquc" {+Blink rN+}
  3223 | D:3      | Identified the +4 mace of True Grit {spect, rElec rPois}
  3342 | D:3      | Found an opulent altar of Gozag.
  3499 | D:3      | Reached XP level 5. HP: 38/38 MP: 6/9
  3891 | D:4      | Noticed Grinder
  3891 | D:4      | Noticed Sigmund
  3959 | D:4      | You fall into a shaft and drop 2 floors!
  4005 | D:5      | Entered Level 5 of the Dungeon
  4030 | D:5      | Reached skill level 6 in Conjurations
  4030 | D:5      | Reached skill level 1 in Hexes
  4096 | D:5      | Noticed an ogre
  4096 | D:5      | Noticed a black bear
  4107 | D:5      | Noticed a phantom
  4212 | D:4      | Reached XP level 6. HP: 32/45 MP: 1/11
  4439 | D:4      | Paralysed by Grinder for 2 turns
  4449 | D:4      | Killed Grinder
  4450 | D:4      | Reached skill level 7 in Conjurations
  4677 | D:4      | Learned a level 4 spell: Iskenderun's Mystic Blast
  4710 | D:4      | Your scales start taking on a rich purple colour.
  4710 | D:4      | Reached XP level 7. HP: 50/50 MP: 12/14
  4771 | D:4      | Noticed Ijyb
  4778 | D:4      | Killed Ijyb
  4779 | D:4      | Reached skill level 5 in Spellcasting
  5033 | D:4      | Killed Sigmund
  5034 | D:4      | Reached skill level 1 in Translocations
  5034 | D:4      | HP: 2/50 [poisoned by Sigmund]
  5268 | D:4      | Reached skill level 8 in Conjurations
  5573 | D:4      | Reached XP level 8. HP: 57/57 MP: 9/15
  5798 | D:4      | Noticed Eustachio
  5805 | D:4      | Killed Eustachio
  5875 | D:4      | Reached skill level 9 in Conjurations
  5983 | D:4      | Learned a level 5 spell: Iskenderun's Battlesphere
  6171 | D:4      | Reached skill level 10 in Conjurations
  6544 | D:5      | Reached XP level 9. HP: 62/62 MP: 7/16
  6686 | D:5      | Reached skill level 11 in Conjurations
  6798 | D:5      | Found a staircase to the Ecumenical Temple.
  6807 | Temple   | Entered the Ecumenical Temple
  6849 | Temple   | Became a worshipper of Sif Muna the Loreminder
  7268 | D:6      | Noticed a troll
  7443 | D:6      | Identified the +0 ring mail of Lifelessness {+Blink Will-
                  | Str+3 Int+2}
  7455 | D:6      | Killed a troll
  7483 | D:6      | Reached skill level 5 in Hexes
  7597 | D:6      | Identified the +7 short sword of the Final Decision {drain,
                  | rC+ Dex-5 Stlth+}
  7737 | D:6      | Reached skill level 12 in Conjurations
  7803 | D:6      | Found an ancient bone altar of Kikubaaqudgha.
  8108 | D:6      | Found a broken altar of Ashenzari.
  8218 | D:7      | Reached skill level 1 in Invocations
  8406 | D:7      | Reached * piety under Sif Muna
  8659 | D:7      | Noticed Menkaure
  8665 | D:7      | Killed Menkaure
  9003 | D:7      | Found a white marble altar of Elyvilon.
  9162 | D:7      | Reached XP level 10. HP: 69/69 MP: 10/18
  9421 | D:7      | Reached skill level 13 in Conjurations
  9638 | D:8      | Noticed a two-headed ogre
  9662 | D:8      | Killed a two-headed ogre
  9663 | D:8      | Slain by a troll

Illustrated notes

Levels and vault maps discovered:
D:1:      dpeg_chamrin_arrival_tetris, layout_rooms,
          ebering_ecumenical_altar_webs
D:2:      layout_loops_cross, kennysheep_generic_room_5
D:3:      layout_basic, nicolae_gozag_seed_capital, saegor_snake_ambush,
          uniq_terence
D:4:      layout_gridville, uniq_grinder, uniq_ijyb, uniq_sigmund,
          uniq_eustachio
D:5:      layout_cave_pools, minmay_temple_entry_fiery, enter_ossuary_1
D:6:      layout_cave_pools, mainiacjoe_overflow_alcove_4, tgw_kikubaaqudgha
D:7:      layout_loops_cross, elyvilon_altar_3, uniq_menkaure
D:8:      layout_basic, lemuel_mausoleum_altar_yredelemnul, erik_lair_island
Temple:   nicolae_temple_bog_church

Skill      XL: |  1  2  3  4  5  6  7  8  9 10 |
---------------+-------------------------------+-----
Conjurations   | 5 6 7 8 10 12 13 | 13.5
Spellcasting   | 3 4 5 6 |  6.7
Hexes          | 1 2 3 4 5 |  5.0
Translocations | 1 2 |  2.0
Invocations    | 2 |  2.0
Dodging        | |  1.7
Stealth        | |  1.7

Action                   |  1- 3 |  4- 6 |  7- 9 | 10-12 || total
-------------------------+-------+-------+-------+-------++-------
Melee: Trident           |     9 |       |       |       ||     9
       Tailslap          |     2 |     4 |     2 |       ||     8
       Short sword       |     5 |     9 |       |       ||    14
       Mace              |       |    14 |    12 |       ||    26
       Punch             |       |       |     1 |       ||     1
 Cast: Magic Dart        |    85 |    65 |    61 |       ||   211
       Searing Ray       |     4 |     9 |    50 |     7 ||    70
       Fulminant Prism   |       |       |     9 |     1 ||    10
       Iskenderun's Myst |       |       |     4 |       ||     4
       Iskenderun's Batt |       |       |     1 |       ||     1
 Abil: Breathe Dispellin |       |       |     6 |     2 ||     8
  Use: Scroll            |       |     8 |     9 |       ||    17
       Potion            |       |       |     1 |       ||     1
Armor: Skin              |     4 |    10 |    32 |     8 ||    54
Dodge: Dodged            |     9 |    27 |    62 |    21 ||   119

Table legend: (Time is in decaauts)
 A = Elapsed time spent in this place.
 B = Non-inter-level travel time spent in this place.
 C = Inter-level travel time spent in this place.
 D = Time resting spent in this place.
 E = Time spent auto-exploring this place.
 F = Levels seen in this place.
 G = Mean time per level.
                   A        B        C        D        E       F      G
               +--------+--------+--------+--------+--------+-----+--------+
         Total |   9697 |   9479 |    218 |   2772 |   5343 |   9 | 1077.4 |
       Dungeon |   9632 |   9435 |    197 |   2772 |   5309 |   8 | 1204.0 |
        Temple |     64 |     43 |     21 |      0 |     34 |   1 |   64.0 |
               +--------+--------+--------+--------+--------+-----+--------+

Top non-repeatable levels by time:
     D:4: 2396 daAuts
     D:3: 1586 daAuts
     D:2: 1286 daAuts
     D:7: 1282 daAuts
     D:1: 1076 daAuts
     D:5: 985 daAuts
     D:6: 947 daAuts
     D:8: 70 daAuts
  Temple: 64 daAuts
